Map: Bel'Shir Vestige LE (Void)

Players

Gallo - Winner!

  • Race: Protoss Protoss
  • League: Platinum
  • Spawn Location: 11:00

Xaladin

  • Race: Zerg Zerg
  • League: Gold
  • Spawn Location: 5:00

VOD

Have the link to the VOD?

Description

Time

  • Played on: April 16, 2017, 8:48 p.m.
  • Length: 16:16
Show
View Real Time Build Order
Export as new Build Order

Gallo Protoss - Winner!

Build Orders: 1 Gate Expand 

Get SALT Encoding   

  12  0:01  Probe (Chrono Boost)  
  13  0:12  Probe (Chrono Boost)  
  14  0:22  Pylon  
  14  0:24  Probe (Chrono Boost)  
  15  0:40  Probe (Chrono Boost)  
  15  0:42  Gateway  
  16  0:51  Probe (Chrono Boost)  
  16  0:55  Assimilator  
  17  1:04  Probe (Chrono Boost)  
  19  1:25  Probe (Chrono Boost)  
  19  1:28  Nexus  
  18  1:38  Forge  
  18  1:42  Probe (Chrono Boost)  
  19  1:55  Probe (Chrono Boost)  
  19  1:59  Zealot  
  19  2:01  Pylon  
  22  2:06  Probe (Chrono Boost)  
  23  2:14  Pylon  
  23  2:19  Pylon  
  23  2:23  Assimilator  
  23  2:34  Probe (Chrono Boost)  
  23  2:35  Pylon  
  24  2:44  Gateway  
  24  2:49  Probe (Chrono Boost)  
  25  2:59  Photon Cannon  
  25  3:05  Photon Cannon  
  25  3:09  Probe (Chrono Boost)  
  25  3:22  Cybernetics Core  
  25  3:23  Probe (Chrono Boost)  
  25  3:25  Probe (Chrono Boost)  
  28  3:34  Probe (Chrono Boost)  
  28  3:35  Probe (Chrono Boost)  
  29  3:47  Probe (Chrono Boost)  
  29  3:48  Probe (Chrono Boost)  
  31  3:52  Warp Gate  
  31  3:53  Gateway x2  
  31  4:00  Probe (Chrono Boost)  
  32  4:04  Photon Cannon  
  32  4:07  Stalker  
  35  4:17  Probe (Chrono Boost)  
  35  4:18  Probe (Chrono Boost)  
  36  4:26  Assimilator  
  38  4:31  Probe (Chrono Boost)  
  38  4:32  Probe (Chrono Boost), Photon Cannon  
  38  4:33  Pylon  
  38  4:40  Pylon  
  40  4:46  Mothership Core (Chrono Boost)  
  40  4:53  Probe (Chrono Boost)  
  40  4:57  Pylon  
  41  5:01  Twilight Council  
  41  5:04  Probe (Chrono Boost)  
  41  5:05  Protoss Ground Weapons Level 1  
  41  5:06  Probe (Chrono Boost)  
  44  5:14  Probe (Chrono Boost)  
  44  5:18  Probe (Chrono Boost), Pylon  
  45  5:25  Adept x2  
  45  5:27  Adept x2  
  53  5:29  Resonating Glaives  
  53  5:30  Probe (Chrono Boost)  
  54  5:37  Gateway  
  54  5:42  Gateway  
  54  6:08  Gateway  
  54  6:17  Adept x2  
  54  6:18  Adept x2  
  62  6:36  Nexus  
  64  6:41  Probe x2 (Chrono Boost), Adept x2  
  64  6:42  Adept x2  
  72  6:55  Assimilator  
  72  6:58  Photon Cannon  
  72  7:00  Pylon  
  72  7:03  Pylon  
  72  7:04  Adept x2  
  72  7:05  Adept x3, Pylon  
  72  7:06  Adept  
  84  7:53  Nexus  
  74  8:34  Pylon  
  72  8:36  Pylon  
  72  8:37  Stalker x2  
  72  8:38  Stalker x3  
  72  8:40  Pylon  
  64  9:19  Adept x5  
  64  9:20  Adept  
  74  9:25  Gateway  
  74  9:27  Gateway  
  74  9:36  Gateway  
  74  9:38  Gateway  
  74  9:43  Photon Cannon  
  74  9:44  Adept x5  
  74  9:45  Adept  
  82  9:48  Photon Cannon  
  82  9:52  Probe (Chrono Boost)  
  83  9:54  Pylon  
  83  10:02  Probe (Chrono Boost)  
  80  10:09  Protoss Ground Armor Level 1  
  72  10:18  Dark Shrine  
  72  10:20  Pylon  
  70  10:24  Photon Cannon  
  70  10:25  Photon Cannon  
  60  10:28  Adept x2  
  60  10:29  Adept x4, Photon Cannon  
  60  10:30  Adept x2  
  76  10:42  Pylon  
  76  10:44  Adept x2  
  76  10:45  Pylon  
  78  11:20  Adept x2  
  78  11:21  Adept  
  78  11:22  Adept x5  
  81  11:43  Dark Templar x3  
  87  12:00  Nexus  
  77  12:19  Protoss Air Weapons Level 1  
  71  12:24  Pylon  
  61  12:32  Stargate  
  61  12:33  Stargate  
  57  12:41  Mothership Core (Chrono Boost)  
  57  12:42  Adept x2  
  57  12:43  Adept x4  
  71  12:44  Adept  
  71  12:46  Adept  
  55  13:24  Void Ray x2  
  55  13:26  Pylon  
  63  13:38  Adept x2  
  63  13:39  Adept x2  
  63  13:40  Templar Archives  
  70  14:07  Adept x4  
  70  14:08  Adept x3  
  84  14:25  Void Ray x2  
  84  14:40  Assimilator  
  84  14:45  Photon Cannon  
  84  14:52  Probe (Chrono Boost)  
  85  14:55  Adept x2  
  85  14:56  Adept, Dark Templar  
  93  15:01  Dark Templar  
  83  15:18  Adept  
  83  15:19  Adept x3  
  51  15:52  Photon Cannon  
  49  16:05  Dark Templar  
  49  16:06  Dark Templar  
Show
View Real Time Build Order
Export as new Build Order

Xaladin Zerg 

Build Orders: Pool First 

Get SALT Encoding   

  12  0:01  Drone  
  13  0:14  Overlord  
  13  0:31  Drone  
  13  0:33  Drone x2  
  16  0:43  Drone  
  17  1:01  Spawning Pool  
  17  1:02  Extractor  
  15  1:12  Hatchery  
  14  1:19  Drone x3  
  17  1:35  Drone  
  18  1:43  Drone  
  19  1:47  Queen  
  21  2:00  Drone  
  22  2:15  Metabolic Boost  
  22  2:17  Overlord x2  
  22  2:25  Zergling x2  
  22  2:27  Queen  
  22  2:29  Drone  
  26  2:40  Drone  
  26  2:41  Drone  
  28  2:58  Drone x3  
  30  2:59  Drone  
  30  3:00  Drone x2  
  34  3:09  Zergling x2  
  34  3:10  Zergling x2  
  36  3:22  Spine Crawler  
  33  3:39  Zergling x2  
  33  3:40  Zergling x4  
  35  3:47  Queen  
  33  3:53  Spine Crawler  
  32  4:01  Lair  
  32  4:02  Roach Warren  
  31  4:03  Drone x2  
  31  4:04  Drone, Extractor  
  30  4:33  Drone x3  
  30  4:36  Hatchery  
  32  4:40  Drone  
  32  4:41  Drone x2  
  36  4:45  Drone  
  36  4:48  Roach  
  38  4:55  Pneumatized Carapace  
  38  4:59  Queen  
  40  5:00  Glial Reconstitution  
  40  5:03  Baneling Nest  
  39  5:17  Overlord x2  
  39  5:18  Overlord  
  39  5:20  Overlord  
  39  5:28  Evolution Chamber  
  39  5:29  Evolution Chamber  
  39  5:30  Evolution Chamber  
  36  5:37  Drone x3  
  39  5:48  Drone x3  
  42  5:54  Queen  
  42  5:55  Drone  
  45  5:57  Zerg Melee Weapons Level 1  
  45  5:58  Zerg Missile Weapons Level 1  
  45  5:59  Zerg Ground Armor Level 1  
  45  6:11  Spore Crawler  
  45  6:12  Spore Crawler  
  45  6:16  Hydralisk Den  
  42  6:19  Roach  
  42  6:23  Extractor  
  42  6:24  Drone x4  
  42  6:25  Drone, Extractor  
  47  6:27  Drone x3  
  47  6:29  Extractor  
  47  6:30  Drone x3  
  47  6:32  Roach  
  55  6:47  Zergling x6  
  55  6:48  Zergling x2  
  55  6:49  Roach  
  55  6:50  Roach  
  63  6:54  Drone  
  63  6:55  Hydralisk x2  
  67  7:08  Drone x4  
  69  7:09  Drone x2  
  69  7:11  Muscular Augments  
  69  7:12  Overseer  
  73  7:25  Drone  
  74  7:32  Extractor  
  74  7:35  Centrifical Hooks  
  70  7:46  Overlord x2, Roach x2  
  70  7:47  Overlord x2  
  43  8:15  Roach x3  
  43  8:16  Roach x4  
  43  8:17  Hydralisk x2, Roach x6  
  71  8:34  Queen  
  69  9:10  Queen  
  69  9:25  Drone x3  
  72  10:01  Hydralisk x5  
  82  10:07  Hatchery  
  81  10:15  Hydralisk x2  
  81  10:16  Hydralisk  
  64  11:38  Roach  
  64  11:39  Roach x4  
  78  11:40  Roach x5  
  78  11:42  Queen  
  78  11:43  Roach x2  
  90  11:50  Overlord  
  76  12:20  Roach x2  
  76  12:21  Roach x3  
  76  12:22  Roach x2  
  90  12:38  Overlord  
  90  12:43  Overseer  
  90  13:24  Drone x3  
  93  13:47  Drone x2  
  95  13:49  Drone  
  91  15:01  Drone  
  91  15:02  Drone x2  
  88  15:17  Hatchery  
  81  15:28  Ravager x4  
  72  15:29  Ravager  
  72  15:30  Ravager  
Tags
 
Add a new tag
Caveats
  • Supply blocks, unpowered buildings, or Contaminate may cause inaccurate times.
  • Supply counts are checked every 10 seconds.